Map: Prion Terraces

Players

aziddy - Winner!

  • Race: Zerg Zerg
  • League: Diamond

Mangekyum

  • Race: Zerg Zerg
  • League: Diamond

VOD

Have the link to the VOD?

Description

ZvZ Hatch first defending 13/12

Time

  • Played on: Dec. 9, 2015, 7:21 a.m.
  • Length: 15:59
Show
View Real Time Build Order
Export as new Build Order

aziddy Zerg - Winner!

Build Orders: Hatch First 

Get SALT Encoding   

  12  0:01  Drone  
  13  0:12  Overlord  
  13  0:18  Drone  
  14  0:32  Drone x2  
  14  0:35  Drone  
  17  0:51  Drone  
  18  1:02  Hatchery  
  17  1:14  Spawning Pool  
  17  1:15  Drone  
  17  1:17  Extractor  
  16  1:20  Drone  
  17  1:29  Drone  
  18  1:35  Overlord  
  18  2:01  Queen  
  20  2:02  Spine Crawler, Zergling x6  
  22  2:12  Baneling Nest  
  20  2:18  Zergling x2  
  21  2:23  Zergling x2  
  22  2:36  Drone x2  
  24  2:42  Spine Crawler  
  23  3:03  Queen  
  23  3:06  Drone  
  23  3:07  Drone  
  23  3:11  Baneling  
  23  3:12  Baneling x2  
  25  3:18  Metabolic Boost  
  25  3:23  Drone  
  26  3:35  Drone  
  26  3:50  Baneling  
  26  3:51  Baneling x2  
  16  4:05  Drone  
  16  4:06  Drone  
  17  4:31  Drone x4  
  21  4:43  Hatchery  
  20  4:51  Drone x2  
  21  5:10  Zergling x6  
  24  5:20  Zergling x4  
  26  5:32  Baneling x2  
  26  5:47  Drone  
  26  5:48  Drone  
  28  6:02  Drone x3  
  31  6:07  Baneling x2  
  31  6:19  Drone  
  31  6:20  Drone x2  
  34  6:31  Zergling x8  
  35  6:42  Overlord  
  35  6:43  Overlord  
  35  6:46  Queen  
  35  6:47  Extractor  
  35  6:49  Spine Crawler  
  35  6:52  Baneling x2  
  34  7:00  Overlord  
  34  7:01  Drone x3  
  37  7:02  Queen  
  39  7:10  Drone x2  
  39  7:15  Drone  
  42  7:20  Extractor  
  42  7:22  Drone  
  42  7:29  Baneling x3  
  42  7:34  Drone x2  
  42  7:35  Drone x2  
  46  7:38  Extractor  
  46  7:43  Drone x2  
  47  7:58  Lair  
  47  7:59  Drone x2  
  47  8:02  Drone x3  
  47  8:03  Drone  
  53  8:10  Overlord  
  53  8:11  Overlord  
  53  8:12  Overlord  
  53  8:26  Overlord  
  53  8:28  Zergling x6  
  53  8:29  Zergling x2  
  57  8:36  Drone  
  57  8:37  Drone x2  
  60  8:42  Hatchery  
  59  9:02  Spire  
  59  9:04  Roach Warren  
  58  9:18  Zergling x18  
  58  9:24  Drone x3  
  70  9:25  Extractor  
  70  9:27  Extractor  
  70  9:31  Baneling x3  
  68  9:39  Overseer  
  66  10:07  Drone x3  
  66  10:08  Drone x4  
  66  10:09  Drone x6  
  78  10:16  Mutalisk x2  
  78  10:21  Mutalisk x2  
  82  10:24  Spine Crawler  
  82  10:25  Spore Crawler, Spine Crawler  
  82  10:26  Drone  
  82  10:27  Spine Crawler  
  83  10:38  Mutalisk x3  
  83  10:42  Overlord x3  
  89  10:51  Baneling x2  
  89  10:52  Baneling x2  
  83  10:58  Mutalisk x3  
  83  11:11  Mutalisk  
  83  11:12  Mutalisk x5  
  95  11:25  Mutalisk x4  
  95  11:32  Overlord  
  103  11:33  Overlord x2  
  103  11:44  Mutalisk x3  
  109  11:52  Overlord  
  109  11:53  Zergling x14  
  105  12:28  Zergling x2  
  105  12:29  Zergling x30  
  111  12:36  Overlord  
  111  12:37  Overlord  
  111  12:42  Spire  
  111  12:43  Zergling x2  
  111  12:44  Zergling x6  
  114  12:48  Baneling x6  
  114  12:53  Spore Crawler  
  114  12:54  Spore Crawler x2  
  114  12:56  Spore Crawler  
  114  12:58  Spore Crawler  
  88  13:44  Zergling x18  
  88  13:45  Zergling x10  
  88  13:46  Baneling x6  
  99  13:50  Queen  
  100  13:56  Zerg Flyer Weapons Level 1  
  100  13:58  Mutalisk x5  
  100  13:59  Mutalisk x4  
  117  14:03  Overseer  
  112  14:25  Mutalisk x8  
  122  14:36  Mutalisk  
  122  14:37  Mutalisk x4  
  128  14:44  Mutalisk  
  115  14:50  Spore Crawler x2  
  111  15:06  Zergling x4  
  110  15:07  Zergling x10  
  110  15:08  Zergling x2  
  110  15:09  Extractor  
  112  15:16  Mutalisk x4  
  112  15:18  Zergling x2  
  112  15:19  Zergling x2  
  120  15:28  Mutalisk x2  
  119  15:39  Zergling x2  
  119  15:40  Zergling x6  
Show
View Real Time Build Order
Export as new Build Order

Mangekyum Zerg 

Build Orders: Pool First, Zergling Baneling 

Get SALT Encoding   

  12  0:01  Drone  
  13  0:14  Extractor  
  12  0:25  Spawning Pool  
  11  0:28  Drone  
  11  0:33  Drone  
  13  0:38  Drone  
  14  0:50  Overlord  
  14  1:12  Zergling x2  
  14  1:13  Zergling x4  
  19  1:21  Metabolic Boost  
  19  1:25  Zergling x2  
  18  1:33  Queen  
  20  1:43  Baneling Nest  
  20  1:45  Zergling x2  
  20  1:53  Zergling x2  
  21  2:02  Overlord  
  21  2:09  Zergling x2  
  22  2:22  Zergling x2  
  23  2:27  Baneling x2  
  23  2:29  Zergling x2  
  24  2:42  Zergling x2  
  25  2:49  Zergling x6  
  28  2:56  Zergling x2  
  29  3:07  Zergling x2  
  30  3:18  Baneling x7  
  30  3:29  Overlord x2  
  24  4:02  Zergling x6  
  21  4:32  Zergling x6  
  24  4:41  Zergling x6  
  27  4:52  Drone  
  28  4:55  Hatchery  
  26  5:13  Zergling x8  
  25  5:27  Zergling x2  
  24  5:40  Drone x3  
  26  5:50  Drone  
  26  6:00  Zergling x2  
  26  6:01  Zergling x6  
  30  6:18  Zergling x8  
  28  6:34  Queen  
  28  6:38  Baneling x5  
  28  6:39  Baneling  
  28  6:50  Drone x3  
  28  6:51  Drone  
  32  6:59  Drone x2  
  34  7:05  Drone x2  
  36  7:12  Drone x2  
  38  7:17  Drone x2  
  38  7:22  Drone x2  
  42  7:33  Drone x2  
  42  7:35  Lair  
  43  7:45  Drone  
  43  7:46  Drone x2  
  46  7:54  Roach Warren  
  46  7:58  Drone x3  
  46  8:01  Drone x2  
  50  8:08  Overlord  
  50  8:17  Drone x2  
  52  8:28  Extractor  
  52  8:30  Extractor x2  
  49  8:38  Overseer  
  49  8:42  Overlord x2  
  49  8:43  Drone x3  
  49  8:47  Hatchery  
  51  8:53  Spire  
  50  8:58  Queen  
  52  9:19  Overlord x3  
  52  9:28  Overlord  
  51  9:59  Queen  
  53  10:06  Mutalisk  
  50  10:07  Mutalisk x11  
  50  10:11  Queen  
  76  10:19  Mutalisk  
  78  10:26  Zergling x2  
  78  10:27  Zergling x10  
  84  10:46  Mutalisk x3  
  90  10:52  Hatchery  
  86  11:14  Zerg Flyer Weapons Level 1, Mutalisk x2  
  90  11:23  Overlord x2  
  90  11:28  Zergling x14  
  97  11:33  Overlord  
  97  11:38  Hatchery  
  94  11:47  Extractor  
  94  11:51  Extractor  
  94  11:52  Mutalisk x4  
  98  12:04  Mutalisk  
  100  12:14  Mutalisk  
  97  12:18  Drone x5  
  100  12:26  Mutalisk  
  100  12:27  Mutalisk  
  94  12:36  Queen  
  96  12:38  Drone x2  
  96  12:39  Drone x3  
  101  12:47  Mutalisk  
  103  13:07  Drone x4  
  103  13:08  Drone x4  
  108  13:22  Mutalisk x5  
  107  13:37  Zergling x18  
  104  13:51  Drone  
  104  13:52  Drone x7  
  112  13:58  Drone  
  113  14:09  Mutalisk x2  
  77  14:53  Zergling x6  
  77  14:54  Zergling x18  
  86  15:16  Zergling x4  
  86  15:17  Zergling x6  
  83  15:38  Drone  
  83  15:39  Drone x5  
Tags
 
Add a new tag
Caveats
  • Supply blocks, unpowered buildings, or Contaminate may cause inaccurate times.
  • Supply counts are checked every 10 seconds.